 Dungeon Crawl Stone Soup version 0.30-a0-793-g160f7cfddd (webtiles) character file.

Game seed: 18055282414172383878

4480 jasper the Adept (level 10, -4/76 HPs)
             Began as a Demonspawn Hedge Wizard on Feb 19, 2023.
             Was a Believer of Sif Muna.
             Slain by a red ugly thing (21 damage)
             ... on level 9 of the Dungeon.
             The game lasted 00:25:53 (9503 turns).

jasper the Adept (Demonspawn Hedge Wizard)          Turns: 9503, Time: 00:25:54

Health: -4/76      AC:  5    Str: 10    XL:     10   Next: 16%
Magic:  0/18       EV: 11    Int: 27    God:    Sif Muna [**....]
Gold:   126        SH:  5    Dex: 12    Spells: 1/19 levels left

rFire   . . .      SeeInvis .    j - +4 whip
rCold   . . .      Faith    .    L - +0 buckler
rNeg    . . .      Spirit   +    b - +0 robe
rPois   +          Reflect  .    c - +1 hat
rElec   .          Harm     .    D - +0 cloak
rCorr   .          Rampage  .    o - +0 pair of gloves
Will    .....                    (no boots)
Stlth   ++                       z - amulet of the acrobat
HPRegen 0.32/turn                O - ring of poison resistance
MPRegen 0.32/turn                p - +6 ring of intelligence

@: about to teleport
A: claws 1, foul stench 1, magic shield, magic regeneration, magic link
a: Renounce Religion, Channel Magic


You were on level 9 of the Dungeon.
You worshipped Sif Muna.
Sif Muna was pleased with you.
You visited 1 branch of the dungeon, and saw 9 of its levels.

You collected 554 gold pieces.
You spent 428 gold pieces at shops.

Inventory:

Hand Weapons
 a - a +0 dagger
 h - a +0 sling
 j - a +4 whip (weapon)
 k - a +0 dagger of pain
 F - the +0 long sword of the Silent Majority {heavy, +Blink rN+}
   (You found it on level 6 of the Dungeon)

   rN:        It protects you from negative energy.
   +Blink:    It lets you blink.
Missiles
 g - 78 stones
 s - 3 throwing nets
Armour
 b - a +0 robe (worn)
 c - a +1 hat (worn)
 o - a +0 pair of gloves (worn)
 q - a +0 kite shield
 D - a +0 cloak (worn)
 L - a +0 buckler (worn)
Jewellery
 p - a +6 ring of intelligence (right hand)
 w - a +4 ring of slaying
 z - an amulet of the acrobat (around neck)
 O - a ring of poison resistance (left hand)
Wands
 B - a wand of iceblast (6)
 H - a wand of polymorph (22)
 K - a wand of acid (7)
Scrolls
 n - 2 scrolls of fear {unknown}
 t - 2 scrolls of enchant weapon {unknown}
 u - 2 scrolls of blinking {unknown}
 y - 2 scrolls of fog
 C - a scroll of teleportation
 J - a scroll of magic mapping {unknown}
 M - a scroll of enchant armour
 N - a scroll of brand weapon {unknown}
Potions
 d - a potion of magic
 e - a potion of berserk rage
 f - 2 potions of attraction
 i - a potion of cancellation
 l - 4 potions of might
 m - a potion of heal wounds
 r - 4 potions of degeneration
 v - 4 potions of curing
 x - 2 potions of mutation
 A - 2 potions of flight
 E - a potion of brilliance {unknown}
 G - a potion of ambrosia {unknown}
 I - a potion of invisibility


   Skills:
 + Level 6.2 Fighting
 - Level 1.7 Dodging
 - Level 1.7 Stealth
 - Level 4.0 Shields
 - Level 5.4 Spellcasting
 - Level 3.2 Conjurations
 - Level 1.0 Hexes
 - Level 1.0 Summonings
 - Level 2.0 Translocations
 * Level 7.8 Air Magic
 - Level 2.0 Poison Magic
 + Level 7.8 Invocations


You had one spell level left.
You knew the following spells:

 Your Spells              Type           Power      Damage    Failure   Level
a - Magic Dart            Conj           96%        1d7       2%          1
b - Slow                  Hex            52%        N/A       6%          1
c - Blink                 Tloc           36%        N/A       5%          2
d - Call Imp              Summ           12%        N/A       9%          2
e - Mephitic Cloud        Conj/Pois/Air  30%        N/A       4%          3
f - Apportation           Tloc           36%        N/A       3%          1
g - Airstrike             Air            24%        2d(4-20)  3%          4
h - Summon Lightning Spi  Summ/Air       31%        N/A       14%         4

Your spell library contained the following spells:

 Spells                   Type           Power      Damage    Failure   Level
 Kiss of Death            Conj/Necr      64%        2d10      4%          1
 Summon Small Mammal      Summ           48%        N/A       6%          1
 Necrotise                Necr           28%        1d5       9%          1
 Cigotuvi's Dreadful Rot  Necr/Pois/Air  50%        N/A       3%          2
 Confusing Touch          Hex            13%        N/A       17%         3
 Lightning Bolt           Conj/Air       18%        1d33      26%         5
 Dispel Undead            Necr           7%         3d8       65%         4
 Alistair's Intoxication  Tmut/Pois      8%         N/A       85%         5


Dungeon Overview and Level Annotations

Branches:
Dungeon (9/15)             Temple (0/1) D:7
   Lair: D:8-11         Orc: D:9-12

Altars:
Makhleb
Nemelex Xobeh
Sif Muna
Xom
Yredelemnul

Shops:
D:3 [   D:5 (=**(

Annotations:
D:5 1 runed translucent door, Bitman's ghost, amateur MiFi
D:7 1 runed translucent door, Smoke131's ghost, novice OgGl


Innate Abilities, Weirdness & Mutations

You have sharp fingernails.
You may rarely emit foul miasma when damaged in melee.
When hurt, damage is shared between your health and your magic reserves.
You regenerate magic rapidly.
When low on magic, you restore magic in place of health.


Message History

You take 2 damage, and have 73/76 hp.
The red ugly thing completely misses you.
The howler monkey hits something but does no damage.
The kobold is engulfed in dark miasma.
The kobold is poisoned.
You kill the kobold!
Sif Muna accepts your kill.
The red ugly thing attacks as you move away!
The red ugly thing pecks you!
You are engulfed in flames!!
The red ugly thing pecks you!
You are engulfed in flames!
You emit a cloud of foul miasma!
You take 46 damage, and have 28/76 hp.
MASSIVE DAMAGE!!
You now have 3/18 mp.
Okay, then.
Casting: Summon Lightning Spire (dangerous; 14% risk of failure)
Confirm with . or Enter, or press ? or * to list all spells.
You blink.
The howler monkey hits you.
The red ugly thing is engulfed in dark miasma.
The red ugly thing is poisoned.
The red ugly thing seems to slow down.
The red ugly thing pecks you.
* * * LOW HITPOINT WARNING * * *
You are engulfed in flames!
* * * LOW HITPOINT WARNING * * *
You take 21 damage, and have 7/76 hp.
MASSIVE DAMAGE!!
You now have 0/18 mp.
The red ugly thing is no longer moving slowly.
You feel much better.
The red ugly thing is engulfed in dark miasma.
The red ugly thing looks even sicker.
The red ugly thing seems to slow down.
You regained 16 hp, and now have 23/76 hp.
As you read the scroll of teleportation, it crumbles to dust.
You feel strangely unstable.
You feel stable enough to blink again.
The red ugly thing is no longer moving slowly.
The red ugly thing pecks you.
* * * LOW HITPOINT WARNING * * *
You are engulfed in flames!!
* * * LOW HITPOINT WARNING * * *
You take 22 damage, and have 1/76 hp.
MASSIVE DAMAGE!!
You now have 0/18 mp.
You feel much better. The red ugly thing pecks you.
* * * LOW HITPOINT WARNING * * *
You are engulfed in flames!!
You die...

....##........#......#
....##.##.##..##.....#
##.###.#...#..#......#
)..)....._......######
..###..#...#.####
#.###.)##.##.#
.[..#........#####
#.###.....#####..# #.#
#####.#### #@# ..##
#.....##.##u#######
...###.###.##.§○hT......
.......# #.#####K######.
.#.##..###.....8Kc).K.K.
##.##........)##.#c##.##
#.##....##...##.#.##.##
.....#...#...##.)(.[...
####...#.#...##.#.#.##.


You could see a red ugly thing (very poisoned, ally target), a troll, a kobold
brigand, a centaur, a howler monkey, a kobold and a friendly lightning spire
(summoned).

Vanquished Creatures
  A two-headed ogre (D:9)
  Pikel (D:9)
  A troll (D:9)
  2 yaks
  A water moccasin (D:7)
  An ice beast (D:8)
  2 orc warriors (D:9)
  2 black bears
  2 wolves (D:9)
  A centaur (D:9)
  A phantom (D:6)
  A bullfrog (D:8)
  2 necrophages
  A kobold brigand (D:9)
  A scorpion (D:5)
  2 gnoll sergeants
  3 wights (D:9)
  12 killer bees
  5 howler monkeys
  A crimson imp (D:4)
  A jelly (D:5)
  An orc priest (D:9)
  6 hounds
  2 iguanas (D:6)
  Jessica (D:2)
  4 orc wizards
  6 gnolls
  7 adders
  A shadow imp (D:5)
  A white imp (D:4)
  A worm (D:3)
  3 dart slugs
  8 orcs
  6 endoplasms
  4 giant cockroaches
  6 goblins
  8 hobgoblins
  10 jackals
  13 kobolds
  10 quokkas
  7 ball pythons
  6 bats
  4 frilled lizards
  5 rats
164 creatures vanquished.

Vanquished Creatures (collateral kills)
  A ball python (D:1)
  A giant cockroach (D:1)
  4 kobolds
6 creatures vanquished.

Vanquished Creatures (others)
  A fungus (D:4)
  4 toadstools (D:4)
  4 withered plants
9 creatures vanquished.

Grand Total: 179 creatures vanquished

Notes
Turn   | Place    | Note
-------+----------+-------------------------------------------
     0 | D:1      | jasper the Demonspawn Hedge Wizard began the quest for the
                  | Orb.
     0 | D:1      | Reached XP level 1. HP: 13/13 MP: 4/4
     9 | D:1      | Learned a level 1 spell: Slow
   196 | D:1      | Gained mutation: You regenerate magic rapidly. [demonic
                  | ancestry]
   196 | D:1      | Reached XP level 2. HP: 19/19 MP: 1/6
   223 | D:1      | Learned a level 2 spell: Blink
   226 | D:1      | Learned a level 2 spell: Call Imp
   758 | D:1      | Gained mutation: You have sharp fingernails. [demonic
                  | ancestry]
   758 | D:1      | Reached XP level 3. HP: 24/24 MP: 2/8
   887 | D:1      | Learned a level 3 spell: Mephitic Cloud
  1185 | D:2      | Noticed Jessica
  1212 | D:2      | Killed Jessica
  1274 | D:2      | Reached XP level 4. HP: 30/30 MP: 8/10
  1491 | D:2      | Found a shimmering blue altar of Sif Muna.
  1588 | D:2      | Became a worshipper of Sif Muna the Loreminder
  1841 | D:3      | Reached skill level 1 in Hexes
  1951 | D:3      | Reached skill level 1 in Translocations
  1991 | D:3      | Found Vikouroa's Armour Boutique.
  2134 | D:3      | Found a burning altar of Makhleb.
  2347 | D:3      | Learned a level 1 spell: Apportation
  2498 | D:4      | Found a shimmering altar of Xom.
  2552 | D:4      | Reached * piety under Sif Muna
  2553 | D:4      | Reached XP level 5. HP: 34/35 MP: 5/11
  2717 | D:4      | Reached skill level 1 in Poison Magic
  2768 | D:4      | Reached skill level 1 in Air Magic
  2904 | D:4      | You fall into a shaft and drop 3 floors!
  3259 | D:6      | Noticed a black bear
  3314 | D:5      | Entered Level 5 of the Dungeon
  3354 | D:5      | Found Asyimp's General Store.
  3364 | D:5      | Bought a potion of curing for 39 gold pieces
  3364 | D:5      | Bought a potion of flight for 39 gold pieces
  3364 | D:5      | Bought a wand of iceblast (2) for 62 gold pieces
  3366 | D:5      | Found Viciev's Jewellery Emporium.
  3411 | D:5      | Gained mutation: You may rarely emit foul miasma when
                  | damaged in melee. [demonic ancestry]
  3411 | D:5      | Reached XP level 6. HP: 41/41 MP: 8/12
  3493 | D:5      | Found Xaegiygy's Weapon Boutique.
  3637 | D:5      | Found Evoc's General Store.
  3943 | D:5      | Found Lenuirpha's Weapon Shoppe.
  4051 | D:5      | Reached skill level 1 in Invocations
  4173 | D:5      | Reached skill level 1 in Fighting
  4173 | D:5      | Reached skill level 1 in Shields
  4223 | D:5      | Bought a scroll of identify for 28 gold pieces
  4490 | D:5      | Found a runed translucent door.
  4490 | D:5      | Noticed Bitman's ghost (amateur MiFi)
  4797 | D:6      | Found a sparkling altar of Nemelex Xobeh.
  4849 | D:6      | Identified the +0 long sword of the Silent Majority {heavy,
                  | +Blink rN+}
  4936 | D:6      | Gained mutation: When hurt, damage is shared between your
                  | health and your magic reserves. [demonic ancestry]
  4936 | D:6      | Reached XP level 7. HP: 46/49 MP: 13/13
  5147 | D:6      | Learned a level 4 spell: Airstrike
  6068 | D:7      | Found a staircase to the Ecumenical Temple.
  6166 | D:7      | Found a runed translucent door.
  6167 | D:7      | Noticed Smoke131's ghost (novice OgGl)
  6319 | D:7      | Reached ** piety under Sif Muna
  6320 | D:7      | Reached skill level 5 in Spellcasting
  6320 | D:7      | Gained mutation: When low on magic, you restore magic in
                  | place of health. [demonic ancestry]
  6320 | D:7      | Reached XP level 8. HP: 52/57 MP: 5/15
  7927 | D:5      | Bought a ring of poison resistance for 260 gold pieces
  8034 | D:7      | Reached skill level 5 in Invocations
  8161 | D:9      | Reached skill level 5 in Air Magic
  8296 | D:9      | Reached XP level 9. HP: 65/65 MP: 12/17
  8726 | D:9      | Noticed a two-headed ogre
  8745 | D:9      | Killed a two-headed ogre
  8746 | D:9      | Reached skill level 5 in Fighting
  9146 | D:9      | Noticed Pikel
  9154 | D:9      | Killed Pikel
  9166 | D:9      | Reached XP level 10. HP: 73/76 MP: 2/18
  9171 | D:9      | Learned a level 4 spell: Summon Lightning Spire
  9253 | D:9      | Found a basalt altar of Yredelemnul.
  9484 | D:9      | Noticed a red ugly thing
  9502 | D:9      | HP: 1/76 [red ugly thing (21)]
  9503 | D:9      | Slain by a red ugly thing

Illustrated notes

Levels and vault maps discovered:
D:1:      lightli_iron_boxes, layout_rooms
D:2:      layout_basic, basic_altar, minmay_pentomino_q2, uniq_jessica
D:3:      layout_rooms, mainiacjoe_overflow_six_doors_small, serial_shops,
          nicolae_shop_stone, serial_bayou_crossing
D:4:      layout_rooms, amcnicky_altar_gilded, minmay_gold_behind_fungi,
          minmay_fire_ice_demons
D:5:      layout_layer_cave, serial_shops,
          nicolae_shop_competitors_out_of_business, shop, nicolae_shop_trees,
          nicolae_shop_statue_plus, nicolae_square_shop,
          gup_sewer_entry_bubbles, gammafunk_ghost_grave
D:6:      layout_basic, nemelex_spade_bored_becter, serial_co_window_serial,
          co_window_paths_a, co_window_paths_a, co_window_corner_a,
          co_window_of_opportunity_a, co_window_paths_a,
          co_window_of_opportunity_a, co_window_of_opportunity_a,
          co_window_2corner, co_window_corner_b, co_window_corner_b,
          co_window_sun, co_window_4corner_a, glass_columns_a, glass_columns_b,
          hangedman_decor_lopped
D:7:      layout_rooms, minmay_temple_entry_butterflies, gammafunk_ghost_grave,
          hex_intersection, kennysheep_dice
D:8:      layout_cave_pods, nicolae_diode_stairs
D:9:      layout_loops_cross, nicolae_overflow_crystal_walls, erik_lair_island,
          minmay_diced_spiral, uniq_pikel

Skill      XL: |  1  2  3  4  5  6  7  8  9 |
---------------+----------------------------+-----
Spellcasting   | 4 5 |  5.4
Conjurations   | 2 3 |  3.2
Hexes          | 1 |  1.0
Translocations | 2 |  2.0
Poison Magic   | 1 2 |  2.0
Air Magic      | 1 2 3 5 7 |  7.8
Invocations    | 2 3 5 7 |  7.8
Fighting       | 1 2 4 6 |  6.2
Shields        | 1 2 3 4 |  4.0
Dodging        | |  1.7
Stealth        | |  1.7
Summonings     | |  1.0

Action                     |  1- 3 |  4- 6 |  7- 9 | 10-12 || total
---------------------------+-------+-------+-------+-------++-------
  Melee: Dagger            |     8 |       |       |       ||     8
         Whip              |     6 |    62 |    82 |     4 ||   154
         Punch             |       |     1 |       |       ||     1
   Cast: Magic Dart        |    80 |   169 |   106 |       ||   355
         Call Imp          |     1 |       |     2 |       ||     3
         Mephitic Cloud    |       |       |    14 |       ||    14
         Airstrike         |       |       |    61 |    23 ||    84
         Slow              |       |       |     2 |       ||     2
         Blink             |       |       |     1 |     1 ||     2
         Summon Lightning  |       |       |       |     1 ||     1
 Invoke: Channel Magic     |       |       |     6 |       ||     6
  Evoke: Wand              |       |       |    10 |       ||    10
    Use: Potion            |     1 |       |     1 |     2 ||     4
         Scroll            |       |     9 |     4 |     1 ||    14
   Stab: Sleeping          |       |     1 |       |       ||     1
 Armour: Robe              |     6 |    22 |    24 |       ||    52
  Dodge: Dodged            |    35 |    35 |    88 |     5 ||   163
  Block: Buckler           |       |       |    24 |     3 ||    27

Table legend: (Time is in decaauts)
 A = Elapsed time spent in this place.
 B = Non-inter-level travel time spent in this place.
 C = Inter-level travel time spent in this place.
 D = Time resting spent in this place.
 E = Time spent auto-exploring this place.
 F = Levels seen in this place.
 G = Mean time per level.
                   A        B        C        D        E       F      G
               +--------+--------+--------+--------+--------+-----+--------+
         Total |   9559 |   9087 |    472 |   1852 |   5659 |   9 | 1062.1 |
       Dungeon |   9559 |   9087 |    472 |   1852 |   5659 |   9 | 1062.1 |
               +--------+--------+--------+--------+--------+-----+--------+

Top non-repeatable levels by time:
     D:6: 1780 daAuts
     D:8: 1607 daAuts
     D:5: 1236 daAuts
     D:9: 1126 daAuts
     D:1: 997 daAuts
     D:2: 817 daAuts
     D:4: 742 daAuts
     D:3: 626 daAuts
     D:7: 624 daAuts
